| TOP OF THE 1ST |
|
Pensacola Blue Wahoos batting - Pitching for Colorado (EL) Rockies : RHP D.J. Pedroza
|
|
Pitching: RHP D.J. Pedroza
|
|
|
Batting: RHB Randy Grewe
|
0-0: Foul Ball, location: 2F 0-1: Ball 1-1: Ground out 5-3 (Groundball, 15, EV 89.4 MPH)
|
|
Batting: RHB Solange Le Coq
|
0-0: Called Strike 0-1: Ball 1-1: Foul Ball, location: 2F 1-2: SOLO HOME RUN (Flyball, 78XD, EV 107.5 MPH), Distance : 403 ft
|
|
Batting: SHB David Garnica
|
0-0: Foul Ball, location: 2F 0-1: Fly out, F8 (Flyball, 78M, EV 87.5 MPH)
|
|
Batting: RHB Jose Nunez
|
0-0: Ball 1-0: SOLO HOME RUN (Flyball, 7D, EV 96.9 MPH), Distance : 382 ft
|
|
Batting: RHB Mark Williams
|
0-0: Ball 1-0: Foul Ball, location: 2F 1-1: Fly out, F7 (Line Drive, 7, EV 108.8 MPH)
|
| Top of the 1st over - 2 runs, 2 hits, 0 errors, 0 left on base; Pensacola 2 - Colorado (EL) 0 |
| BOTTOM OF THE 1ST |
|
Colorado (EL) Rockies batting - Pitching for Pensacola Blue Wahoos : LHP Jason St. Clair
|
|
Pitching: LHP Jason St. Clair
|
|
|
Batting: SHB Bobby Santor
|
0-0: Ball 1-0: Called Strike 1-1: Foul Ball, location: 2F 1-2: SINGLE (Line Drive, 34D, EV 99.4 MPH)
|
|
Batting: SHB Jamie Mims
|
0-0: Fielders Choice at 2nd, 6-4 (Groundball, 6, EV 76.9 MPH)
|
|
Batting: RHB Ryan Rinaldi
|
0-0: Ball 1-0: Called Strike 1-1: Ball 2-1: Ball 3-1: Base on Balls Jamie Mims to second
|
|
Batting: RHB Maurice Moore
|
0-0: Ball 1-0: Fly out, F3 (Popup, 23F, EV 83.8 MPH)
|
|
Batting: LHB Paul McClintock
|
0-0: Ball 1-0: Ground out 6-3 (Groundball, 56, EV 108.8 MPH)
|
| Bottom of the 1st over - 0 runs, 1 hit, 0 errors, 2 left on base; Pensacola 2 - Colorado (EL) 0 |
| TOP OF THE 2ND |
|
Pensacola Blue Wahoos batting - Pitching for Colorado (EL) Rockies : RHP D.J. Pedroza
|
|
Batting: LHB John Wagner
|
0-0: Fly out, F7 (Flyball, 7D, EV 107.5 MPH)
|
|
Batting: RHB Luis Solorzano
|
0-0: Ball 1-0: Swinging Strike 1-1: Ball 2-1: Ball 3-1: Ground out 5-3 (Groundball, 5S, EV 83.8 MPH)
|
|
Batting: RHB David Stayton
|
0-0: Called Strike 0-1: Ground out 5-3 (Groundball, 5S, EV 74.4 MPH)
|
| Top of the 2nd over - 0 runs, 0 hits, 0 errors, 0 left on base; Pensacola 2 - Colorado (EL) 0 |
| BOTTOM OF THE 2ND |
|
Colorado (EL) Rockies batting - Pitching for Pensacola Blue Wahoos : LHP Jason St. Clair
|
|
Batting: RHB Chris Tatum
|
0-0: Ball 1-0: Called Strike 1-1: Swinging Strike 1-2: Strikes out swinging
|
|
Batting: SHB Craig Ruzic
|
0-0: Ground out U3 (Groundball, 34, EV 81.9 MPH)
|
|
Batting: RHB Seisaburo Edagawa
|
0-0: Ball 1-0: Ball 2-0: Ground out 6-3 (Groundball, 6S, EV 62.5 MPH)
|
| Bottom of the 2nd over - 0 runs, 0 hits, 0 errors, 0 left on base; Pensacola 2 - Colorado (EL) 0 |
| TOP OF THE 3RD |
|
Pensacola Blue Wahoos batting - Pitching for Colorado (EL) Rockies : RHP D.J. Pedroza
|
|
Batting: RHB Ryan Short
|
0-0: SINGLE (Groundball, 6MD, EV 99.4 MPH)
|
|
Batting: RHB Randy Grewe
|
0-0: Called Strike 0-1: Swinging Strike 0-2: Ball 1-2: Ball 2-2: DOUBLE (Line Drive, 89D, EV 106.2 MPH) Ryan Short to third Runner from 3rd tries for Home, SAFE, throw by RF to home
|
|
Batting: RHB Solange Le Coq
|
0-0: Ball 1-0: Ball 2-0: Swinging Strike 2-1: Ball 3-1: Base on Balls
|
|
Batting: SHB David Garnica
|
0-0: Called Strike 0-1: Ball 1-1: Fly out, F9 (Flyball, 9, EV 92.5 MPH) Runner from 2nd tags up, SAFE at 3rd with throw by RF
|
|
Batting: RHB Jose Nunez
|
0-0: Ball Solange Le Coq steals 2nd base 1-0: Foul Ball, location: 2F 1-1: Foul Ball, location: 2F 1-2: Fly out, F9 (Flyball, 89D, EV 97.5 MPH) Runner from 3rd tags up, SCORES, throw by RF Solange Le Coq to third
|
|
Batting: RHB Mark Williams
|
0-0: Ball 1-0: Ground out 5-3 (Groundball, 56S, EV 87.5 MPH)
|
| Top of the 3rd over - 2 runs, 2 hits, 0 errors, 1 left on base; Pensacola 4 - Colorado (EL) 0 |
| BOTTOM OF THE 3RD |
|
Colorado (EL) Rockies batting - Pitching for Pensacola Blue Wahoos : LHP Jason St. Clair
|
|
Batting: LHB Daniel Green
|
0-0: Ground out 1-3 (Groundball, 15S, EV 70.6 MPH)
|
|
Batting: SHB Bobby Santor
|
0-0: Called Strike 0-1: Ball 1-1: Foul Ball, location: 2F 1-2: Strikes out swinging
|
|
Batting: SHB Jamie Mims
|
0-0: Called Strike 0-1: Fly out, F4 (Line Drive, 4, EV 66.9 MPH)
|
| Bottom of the 3rd over - 0 runs, 0 hits, 0 errors, 0 left on base; Pensacola 4 - Colorado (EL) 0 |
| TOP OF THE 4TH |
|
Pensacola Blue Wahoos batting - Pitching for Colorado (EL) Rockies : RHP D.J. Pedroza
|
|
Batting: LHB John Wagner
|
0-0: Ball 1-0: Fly out, F7 (Flyball, 78M, EV 93.1 MPH)
|
|
Batting: RHB Luis Solorzano
|
0-0: Ball 1-0: DOUBLE (Flyball, 89D, EV 102.5 MPH)
|
|
Batting: RHB David Stayton
|
0-0: Foul Ball, location: 2F 0-1: SINGLE (Groundball, 4M, EV 104.4 MPH) (infield hit) Luis Solorzano to third
|
|
Batting: RHB Ryan Short
|
0-0: Called Strike 0-1: SINGLE (Groundball, 56, EV 110.6 MPH) (infield hit) Luis Solorzano scores David Stayton to second
|
|
Pitching: LHP Jared Lummus
|
|
|
Batting: RHB Randy Grewe
|
0-0: Swinging Strike 0-1: Foul Ball, location: 2F 0-2: Ball 1-2: Foul Ball, location: 2F 1-2: Ball 2-2: Foul Ball, location: 2F 2-2: Grounds into double play, 6-4-3 (Groundball, 6, EV 80.6 MPH)
|
| Top of the 4th over - 1 run, 3 hits, 0 errors, 1 left on base; Pensacola 5 - Colorado (EL) 0 |
| BOTTOM OF THE 4TH |
|
Colorado (EL) Rockies batting - Pitching for Pensacola Blue Wahoos : LHP Jason St. Clair
|
|
Batting: RHB Ryan Rinaldi
|
0-0: Ball 1-0: Called Strike 1-1: Ball 2-1: Ball 3-1: Foul Ball, location: 2F 3-2: Fly out, F8 (Line Drive, 89M, EV 90.0 MPH)
|
|
Batting: RHB Maurice Moore
|
0-0: Ball 1-0: Called Strike 1-1: Foul Ball, location: 2F 1-2: Foul Ball, location: 2F 1-2: Foul Ball, location: 2F 1-2: Ball 2-2: Ball 3-2: DOUBLE (Line Drive, 89XD, EV 105.6 MPH)
|
|
Batting: LHB Paul McClintock
|
0-0: Called Strike 0-1: Ground out 6-3 (Groundball, 6, EV 85.0 MPH)
|
|
Batting: RHB Chris Tatum
|
0-0: Ball Wild Pitch! Maurice Moore to third 1-0: Swinging Strike 1-1: Called Strike 1-2: Foul Ball, location: 2F 1-2: Strikes out swinging
|
| Bottom of the 4th over - 0 runs, 1 hit, 0 errors, 1 left on base; Pensacola 5 - Colorado (EL) 0 |
| TOP OF THE 5TH |
|
Pensacola Blue Wahoos batting - Pitching for Colorado (EL) Rockies : LHP Jared Lummus
|
|
Batting: RHB Solange Le Coq
|
0-0: Called Strike 0-1: Foul Ball, location: 2F 0-2: Ball 1-2: Ball 2-2: Foul Ball, location: 2F 2-2: Ball 3-2: Base on Balls
|
|
Batting: SHB David Garnica
|
0-0: Called Strike Solange Le Coq steals 2nd base (no throw) 0-1: Swinging Strike 0-2: Ball 1-2: Strikes out looking
|
|
Batting: RHB Jose Nunez
|
0-0: Ball Solange Le Coq is caught stealing 3rd base 2-5 1-0: Called Strike 1-1: Ground out 5-3 (Groundball, 56S, EV 92.5 MPH)
|
| Top of the 5th over - 0 runs, 0 hits, 0 errors, 0 left on base; Pensacola 5 - Colorado (EL) 0 |
| BOTTOM OF THE 5TH |
|
Colorado (EL) Rockies batting - Pitching for Pensacola Blue Wahoos : LHP Jason St. Clair
|
|
Batting: SHB Craig Ruzic
|
0-0: Ball 1-0: Foul Ball, location: 2F 1-1: Ball 2-1: SINGLE (Groundball, 6S, EV 72.5 MPH) (infield hit)
|
|
Batting: RHB Seisaburo Edagawa
|
0-0: SINGLE (Groundball, 34D, EV 107.5 MPH) (infield hit) Craig Ruzic to second
|
|
Batting: LHB Daniel Green
|
0-0: Swinging Strike 0-1: Ball 1-1: Foul Ball, location: 2F 1-2: Foul Ball, location: 2F 1-2: Strikes out swinging
|
|
Batting: SHB Bobby Santor
|
0-0: Foul Ball, location: 2F 0-1: Swinging Strike 0-2: Ball 1-2: Ball 2-2: Ball 3-2: Foul Ball, location: 2F 3-2: Foul Ball, location: 2F 3-2: Strikes out swinging
|
|
Batting: SHB Jamie Mims
|
0-0: Ball 1-0: Ball 2-0: Ball 3-0: Called Strike 3-1: Foul Ball, location: 2F 3-2: Fly out, F7 (Line Drive, 7, EV 100.0 MPH)
|
| Bottom of the 5th over - 0 runs, 2 hits, 0 errors, 2 left on base; Pensacola 5 - Colorado (EL) 0 |
| TOP OF THE 6TH |
|
Pensacola Blue Wahoos batting - Pitching for Colorado (EL) Rockies : LHP Jared Lummus
|
|
Batting: RHB Mark Williams
|
0-0: Called Strike 0-1: Ball 1-1: Ball 2-1: Foul Ball, location: 2F 2-2: Ball 3-2: Foul Ball, location: 2F 3-2: Strikes out looking
|
|
Batting: LHB John Wagner
|
0-0: Swinging Strike 0-1: Ball 1-1: Ball 2-1: Ground out 4-3 (Groundball, 4, EV 109.4 MPH)
|
|
Batting: RHB Luis Solorzano
|
0-0: Ball 1-0: Called Strike 1-1: Swinging Strike 1-2: Foul Ball, location: 2F 1-2: Strikes out looking
|
| Top of the 6th over - 0 runs, 0 hits, 0 errors, 0 left on base; Pensacola 5 - Colorado (EL) 0 |
| BOTTOM OF THE 6TH |
|
Colorado (EL) Rockies batting - Pitching for Pensacola Blue Wahoos : LHP Jason St. Clair
|
|
Batting: RHB Ryan Rinaldi
|
0-0: Called Strike 0-1: SINGLE (Groundball, 34D, EV 103.1 MPH)
|
|
Batting: RHB Maurice Moore
|
0-0: Foul Ball, location: 2F 0-1: Ball Ryan Rinaldi steals 2nd base 1-1: SINGLE (Groundball, 6MD, EV 101.9 MPH) Ryan Rinaldi to third Runner from 3rd tries for Home, SAFE, throw by CF to home
|
|
Batting: LHB Paul McClintock
|
0-0: Fielders Choice at 2nd, 6-4 (Groundball, 6, EV 78.8 MPH)
|
|
Batting: RHB Chris Tatum
|
0-0: Called Strike 0-1: Ball 1-1: Called Strike 1-2: Ball 2-2: Ball 3-2: Foul Ball, location: 2F 3-2: Foul Ball, location: 2F 3-2: Base on Balls Paul McClintock to second
|
|
Batting: SHB Craig Ruzic
|
0-0: Ball Passed Ball! Paul McClintock to third Chris Tatum to second 1-0: Ball 2-0: Fly out, F9 (Flyball, 9LM, EV 100.6 MPH) Runner from 3rd tags up, OUT at HOME! 9-2
|
| Bottom of the 6th over - 1 run, 2 hits, 0 errors, 1 left on base; Pensacola 5 - Colorado (EL) 1 |
| TOP OF THE 7TH |
|
Pensacola Blue Wahoos batting - Pitching for Colorado (EL) Rockies : LHP Jared Lummus
|
|
Pitching: RHP Dane Long
|
|
|
Batting: RHB David Stayton
|
0-0: Called Strike 0-1: Ground out 6-3 (Groundball, 6, EV 85.6 MPH)
|
|
Batting: RHB Ryan Short
|
0-0: Called Strike 0-1: Swinging Strike 0-2: Ball 1-2: Ball 2-2: Strikes out looking
|
|
Batting: RHB Randy Grewe
|
0-0: Called Strike 0-1: Swinging Strike 0-2: Ball 1-2: Ball 2-2: Strikes out looking
|
| Top of the 7th over - 0 runs, 0 hits, 0 errors, 0 left on base; Pensacola 5 - Colorado (EL) 1 |
| BOTTOM OF THE 7TH |
|
Colorado (EL) Rockies batting - Pitching for Pensacola Blue Wahoos : LHP Jason St. Clair
|
|
Batting: RHB Seisaburo Edagawa
|
0-0: Ground out 5-3 (Groundball, 25, EV 81.9 MPH)
|
|
Batting: LHB Daniel Green
|
0-0: Called Strike 0-1: Fly out, F8 (Flyball, 8RD, EV 85.6 MPH)
|
|
Batting: SHB Bobby Santor
|
0-0: Ball 1-0: Ball 2-0: Foul Ball, location: 2F 2-1: Ground out 6-3 (Groundball, 4MS, EV 89.4 MPH)
|
| Bottom of the 7th over - 0 runs, 0 hits, 0 errors, 0 left on base; Pensacola 5 - Colorado (EL) 1 |
| TOP OF THE 8TH |
|
Pensacola Blue Wahoos batting - Pitching for Colorado (EL) Rockies : RHP Dane Long
|
|
Pitching: LHP Domenic Wells
|
|
|
Batting: RHB Solange Le Coq
|
0-0: Ball 1-0: Ball 2-0: Ground out 6-3 (Groundball, 56, EV 100.0 MPH)
|
|
Batting: SHB David Garnica
|
0-0: Ball 1-0: Swinging Strike 1-1: Ball 2-1: Ball 3-1: Base on Balls
|
|
Batting: RHB Jose Nunez
|
0-0: Ball 1-0: Foul Ball, location: 2F 1-1: Called Strike 1-2: Ground out 5-3 (Groundball, 56S, EV 75.0 MPH) David Garnica to second
|
|
Batting: RHB Mark Williams
|
0-0: Ball 1-0: Ball 2-0: Swinging Strike 2-1: Foul Ball, location: 2F 2-2: Ground out 5-3 (Groundball, 56S, EV 88.1 MPH)
|
| Top of the 8th over - 0 runs, 0 hits, 0 errors, 1 left on base; Pensacola 5 - Colorado (EL) 1 |
| BOTTOM OF THE 8TH |
|
Colorado (EL) Rockies batting - Pitching for Pensacola Blue Wahoos : LHP Jason St. Clair
|
|
Batting: SHB Jamie Mims
|
0-0: Called Strike 0-1: Ball 1-1: Ball 2-1: Ball 3-1: Ground out 4-3 (Groundball, 4, EV 81.2 MPH)
|
|
Pitching: RHP Damian Molina
|
|
|
Batting: RHB Ryan Rinaldi
|
0-0: Foul Ball, location: 2F 0-1: Ball 1-1: Ball 2-1: Fly out, F4 (Popup, 3DF, EV 50.0 MPH)
|
|
Batting: RHB Maurice Moore
|
0-0: Fly out, F8 (Flyball, 8RM, EV 90.6 MPH)
|
| Bottom of the 8th over - 0 runs, 0 hits, 0 errors, 0 left on base; Pensacola 5 - Colorado (EL) 1 |
| TOP OF THE 9TH |
|
Pensacola Blue Wahoos batting - Pitching for Colorado (EL) Rockies : LHP Domenic Wells
|
|
Batting: LHB John Wagner
|
0-0: Ball 1-0: Foul Ball, location: 2F 1-1: Ball 2-1: Fly out, F4 (Popup, 4D, EV 46.9 MPH)
|
|
Batting: RHB Luis Solorzano
|
0-0: Ball 1-0: Foul Ball, location: 2F 1-1: Ball 2-1: Ball 3-1: Ground out U3 (Groundball, 34S, EV 88.1 MPH)
|
|
Batting: RHB David Stayton
|
0-0: Ground out 6-3 (Groundball, 6, EV 85.0 MPH)
|
| Top of the 9th over - 0 runs, 0 hits, 0 errors, 0 left on base; Pensacola 5 - Colorado (EL) 1 |
| BOTTOM OF THE 9TH |
|
Colorado (EL) Rockies batting - Pitching for Pensacola Blue Wahoos : RHP Damian Molina
|
|
Batting: LHB Paul McClintock
|
0-0: Ball 1-0: Ball 2-0: SINGLE (Flyball, 4D, EV 91.2 MPH)
|
|
Batting: RHB Chris Tatum
|
0-0: Ball 1-0: DOUBLE (Line Drive, 3D, EV 108.1 MPH) Paul McClintock to third
|
|
Batting: SHB Craig Ruzic
|
0-0: Called Strike 0-1: Ball 1-1: Ball 2-1: Ball 3-1: Ground out 6-3 (Groundball, 4MS, EV 66.9 MPH) Paul McClintock scores Chris Tatum to third
|
|
Batting: RHB Seisaburo Edagawa
|
0-0: Called Strike 0-1: Ball 1-1: SINGLE (Groundball, 56D, EV 105.0 MPH) Chris Tatum scores
|
|
Batting: LHB Daniel Green
|
0-0: Ball 1-0: SINGLE (Line Drive, 4MD, EV 101.9 MPH) Seisaburo Edagawa to second
|
|
Batting: SHB Bobby Santor
|
0-0: Ball 1-0: Ball 2-0: Called Strike 2-1: Called Strike 2-2: Foul Ball, location: 2F 2-2: Fly out, F9 (Flyball, 89D, EV 98.1 MPH) Runner from 2nd tags up, SAFE at 3rd, no throw by RF
|
|
Batting: SHB Jamie Mims
|
0-0: Fielders Choice at 2nd, U6 (Groundball, 6M, EV 102.5 MPH)
|
| Bottom of the 9th over - 2 runs, 4 hits, 0 errors, 2 left on base; Pensacola 5 - Colorado (EL) 3 |
|